 Dungeon Crawl Stone Soup version 0.29.1-1-gd02db6906a (console) character file.

Game seed: 6811895454332700196

656 erker the Digger (level 7, 0/41 HPs)
             Began as an Octopode Earth Elementalist on Oct 1, 2022.
             Was an Initiate of Gozag.
             Slain by Edmund
             ... wielding a +0 flail of venom
              (6 damage)
             ... on level 4 of the Dungeon.
             The game lasted 00:24:22 (4775 turns).

erker the Digger (Octopode Earth Elementalist)      Turns: 4775, Time: 00:24:22

Health: 0/41       AC:  9    Str:  7    XL:     7   Next: 55%
Magic:  10/10      EV: 12    Int: 20    God:    Gozag
Gold:   214        SH:  4    Dex: 12    Spells: 0/10 levels left

rFire   . . .      SeeInvis .   a - +0 rapier
rCold   . . .      Faith    .   k - +0 buckler
rNeg    . . .      Spirit   .   (helmet restricted)
rPois   .          Reflect  .   (no amulet)
rElec   .          Harm     .   d - +4 ring of protection
rCorr   .          Rampage  .   y - +4 ring of protection
Will    .....                   (no ring)
Stlth   +++.......              (no ring)
HPRegen 0.13/turn               (no ring)
MPRegen 0.12/turn               (no ring)
                                (no ring)
                                (no ring)

@: lethally poisoned (0 -> -2), gold aura
A: almost no armour, amphibious, 8 rings, camouflage 1, gelatinous body 1,
(nimble swimmer 1), tentacles
a: Renounce Religion, Potion Petition, Call Merchant, Bribe Branch


You were on level 4 of the Dungeon.
You worshipped Gozag.
Gozag was aware of your devotion.
You visited 2 branches of the dungeon, and saw 6 of its levels.

You collected 276 gold pieces.
You paid 62 gold pieces to Gozag.

Inventory:

Hand Weapons
 a - a +0 rapier (weapon)
 b - a +0 dagger
Missiles
 f - 2 javelins (quivered)
Armour
 k - a +0 buckler (worn)
Jewellery
 d - a +4 ring of protection (left tentacle)
 w - a ring of positive energy
 y - a +4 ring of protection (right tentacle)
 B - a ring of ice
Wands
 l - a wand of polymorph (6)
 u - a wand of roots (5)
Scrolls
 c - a scroll of enchant weapon {unknown}
 i - 2 scrolls of noise {unknown}
 j - 2 scrolls of magic mapping {unknown}
 o - 2 scrolls of blinking {unknown}
 p - a scroll of teleportation {unknown}
 r - a scroll of vulnerability {unknown}
 s - a scroll of immolation {unknown}
 v - 3 scrolls of identify {unknown}
 x - 2 scrolls of amnesia {unknown}
 C - a scroll of poison {unknown}
Potions
 e - a potion of attraction {unknown}
 g - a potion of flight {unknown}
 h - a potion of ambrosia {unknown}
 m - a potion of brilliance {unknown}
 n - a potion of curing
 q - a potion of heal wounds {unknown}
 t - a potion of might {unknown}
 z - a potion of degeneration {unknown}
 A - a potion of invisibility {unknown}


   Skills:
 - Level 2.0 Short Blades
 - Level 2.0 Dodging
 - Level 4.0 Stealth
 - Level 2.0 Shields
 - Level 2.0 Spellcasting
 + Level 5.3 Transmutations
 + Level 5.3 Earth Magic


You couldn't memorise any spells.
You knew the following spells:

 Your Spells              Type           Power      Damage    Failure   Level
a - Sandblast             Erth           46%        2d11      2%          1
o - Ozocubu's Armour      Ice            2%         N/A       52%         3
p - Petrify               Tmut/Erth      23%        N/A       22%         4
w - Passwall              Tmut/Erth      19%        N/A       3%          2

Your spell library contained the following spells:

 Spells                   Type           Power      Damage    Failure   Level
 Stone Arrow              Conj/Erth      24%        3d8       22%         3
 Fireball                 Conj/Fire      1%         3d3       99%         5
 Iskenderun's Battlesphe  Conj           2%         2d6       99%         5
 Conjure Ball Lightning   Conj/Air       1%         3x3d6     100%        6
 Orb of Destruction       Conj           1%         9d5       100%        7
 Ozocubu's Refrigeration  Ice            1%         4d7       100%        7


Dungeon Overview and Level Annotations

Branches:
Dungeon (5/15)             Temple (1/1) D:4

Altars:
Ashenzari
Cheibriados
Dithmenos
Elyvilon
Fedhas
Gozag
Makhleb
Nemelex Xobeh
Okawaru
Qazlal
Sif Muna
Trog
Vehumet
Xom
Yredelemnul
Zin

Shops:
D:4 (

Annotations:
D:3 Terence
D:4 Edmund


Innate Abilities, Weirdness & Mutations

You cannot wear most types of armour.
You are amphibious.
You can wear up to eight rings at the same time.
Your skin changes colour to match your surroundings (Stealth+).
Your rubbery body absorbs attacks. (AC +1, EV +1)
((You are camouflaged when in or above water. (Stealth+)))
You have tentacles for arms and can constrict up to eight enemies at once.


Message History

Press: ? - help, Shift-Dir - straight line, p - Edmund The roots erupt in riotous growth!
Roots grab the kobold.
Roots grab Edmund.
The grasping roots constrict Edmund.
The grasping roots constrict the kobold.
You kill the kobold!
* * * LOW HITPOINT WARNING * * *
You feel sick.
Edmund says, "What use are spells, anyway?"
Edmund hits you with a +0 flail of venom.
* * * LOW HITPOINT WARNING * * *
You are more poisoned.
The grasping roots constrict Edmund.
* * * LOW HITPOINT WARNING * * *
You feel very sick.
Edmund says, "People will remember me!
They'll remember me and die!"
Edmund struggles to escape constriction.
It was a potion of curing.
You feel better.
The grasping roots constrict Edmund.
The roots release their grip on Edmund.
Aiming: Fastroot
Press: ? - help, Shift-Dir - straight line, f - Edmund
Aim: Edmund, wielding a +0 flail of venom and wearing a +0 chain mail (heavily wounded)
The roots erupt in riotous growth!
Roots grab Edmund.
The grasping roots constrict Edmund.
Edmund hits you but does no damage.
You are poisoned.
The grasping roots constrict Edmund.
You feel sick.
The roots release their grip on Edmund.
You feel sick. Edmund attacks as you move away! Edmund closely misses you.
You feel sick.
Aiming: Fastroot
Press: ? - help, Shift-Dir - straight line, f/p - Edmund
Aim: Edmund, wielding a +0 flail of venom and wearing a +0 chain mail (heavily wounded)
The roots erupt in riotous growth!
Roots grab Edmund.
The grasping roots constrict Edmund, but do no damage.
You feel sick.
Edmund hits you with a +0 flail of venom.
You die...
Your body crumbles into a pile of gold.

.........##############.#
#####....# #..........<..#.#
######....K..# #.###########.#.#
=.........##.# #.#### #...#
......>.....$# #....# ########
..........#..#######.# #.......
..........##...### #.#####.######
..........##.#...###.#...........
..........##...@@....#.###.#####.
..........####.....>...# #.# #.
........!.# #.....##..###.# #.
.$........# #.....#888#...# #.
..........# #.....8...8.#######.
########### #.......>.8.........
#.....8...8#...#....
#.....#888##.#...### #####
#.....######.##..#..


You could see Edmund (rooted).

Vanquished Creatures
  2 black bears
  A scorpion (D:4)
  A jelly (D:4)
  2 hounds (D:4)
  Natasha (thrice) (D:3)
  An orc wizard (D:3)
  10 gnolls
  6 adders
  An ufetubus (D:5)
  A worm (D:2)
  3 dart slugs
  9 orcs
  9 endoplasms
  2 giant cockroaches
  3 hobgoblins
  2 jackals (D:4)
  7 kobolds
  3 quokkas
  3 ball pythons
  3 bats
  2 frilled lizards
  2 goblins
  5 rats
81 creatures vanquished.

Notes
Turn   | Place    | Note
-------+----------+-------------------------------------------
     0 | D:1      | erker the Octopode Earth Elementalist began the quest for
                  | the Orb.
     0 | D:1      | Reached XP level 1. HP: 11/11 MP: 3/3
   234 | D:1      | Reached XP level 2. HP: 17/17 MP: 1/5
   300 | D:1      | Learned a level 2 spell: Passwall
   792 | D:1      | Reached XP level 3. HP: 21/21 MP: 4/6
  1173 | D:1      | Reached XP level 4. HP: 20/27 MP: 3/7
  1379 | D:2      | Found a faded altar of an unknown god.
  1799 | D:2      | Learned a level 4 spell: Petrify
  1828 | D:2      | Reached skill level 1 in Shields
  1908 | D:3      | Reached XP level 5. HP: 31/31 MP: 8/8
  1955 | D:3      | Noticed Natasha
  1956 | D:3      | Killed Natasha
  1997 | D:3      | Noticed Terence
  2000 | D:3      | Noticed Natasha
  2166 | D:3      | Killed Natasha
  2488 | D:3      | Reached XP level 6. HP: 33/36 MP: 3/9
  2519 | D:3      | Noticed Natasha
  2524 | D:3      | Killed Natasha
  3158 | D:3      | Reached skill level 1 in Short Blades
  3617 | D:4      | Found a staircase to the Ecumenical Temple.
  3638 | Temple   | Entered the Ecumenical Temple
  3807 | Temple   | Became a worshipper of Gozag Ym Sagoz the Greedy
  3850 | D:4      | Noticed Edmund
  4343 | D:4      | Reached XP level 7. HP: 41/41 MP: 6/10
  4351 | D:4      | Learned a level 3 spell: Ozocubu's Armour
  4416 | D:4      | Reached skill level 5 in Transmutations
  4421 | D:4      | Reached skill level 5 in Earth Magic
  4463 | D:4      | Found Banutz's Antique Weapon Emporium.
  4621 | D:5      | Entered Level 5 of the Dungeon
  4768 | D:4      | HP: 2/41 [poisoned by Edmund]
  4775 | D:4      | Slain by Edmund

Illustrated notes

Levels and vault maps discovered:
D:1:      zelgadis_glass_arrival_small, layout_basic, nrook_uturn
D:2:      layout_basic, chequers_ecumenical_altar_lobes, hangedman_decor_push
D:3:      layout_basic, chequers_serial_rivers_small_a, uniq_natasha,
          uniq_terence
D:4:      layout_basic, minmay_temple_entry_statues, serial_shops, shop,
          minmay_puff, uniq_edmund
D:5:      layout_rooms, serial_shops, kennysheep_little_box, kennysheep_potato,
          uniq_sigmund
Temple:   regret_index_temple_sphere_string

Skill      XL: |  1  2  3  4  5  6  7 |
---------------+----------------------+-----
Stealth        | 3 4 |  4.0
Transmutations | 2 4 5 |  5.3
Earth Magic    | 4 5 |  5.3
Shields        | 1 2 |  2.0
Short Blades   | 2 |  2.0
Dodging        | |  2.0
Spellcasting   | |  2.0

Action                   |  1- 3 |  4- 6 |  7- 9 || total
-------------------------+-------+-------+-------++-------
Melee: Short sword       |     1 |       |       ||     1
       Dagger            |    17 |     3 |     2 ||    22
       Tentacles         |     6 |    10 |     4 ||    20
       Constrict         |     4 |    13 |     6 ||    23
       Rapier            |       |    51 |    19 ||    70
 Cast: Sandblast         |    25 |    48 |     4 ||    77
       Passwall          |     2 |    15 |     3 ||    20
       Petrify           |       |     1 |       ||     1
Evoke: Wand              |       |       |     4 ||     4
  Use: Potion            |       |       |     1 ||     1
 Stab: Sleeping          |     2 |    12 |     4 ||    18
Armor: Skin              |     3 |    14 |    14 ||    31
Dodge: Dodged            |    17 |    42 |    16 ||    75
Block: Buckler           |       |    17 |     7 ||    24
